 Dungeon Crawl Stone Soup version 0.24.0-41-g2ae2f7f1be (webtiles) character file.

Game seed: 17251760286048837231, levelgen mode: deterministic

585321 grindst0ne the Blinker (level 24, -6/273 HPs)
             Began as a Demigod Earth Elementalist on Dec 6, 2019.
             Killed from afar by a red draconian knight (7 damage)
             ... with a shard of ice
             ... on level 1 of the Realm of Zot on Dec 9, 2019.
             The game lasted 06:20:19 (80211 turns).

grindst0ne the Blinker (DgEE)                      Turns: 80211, Time: 06:20:20

Health: -6/273     AC: 37    Str:  9    XL:     24   Next: 80%
Magic:  20/46      EV: 18    Int: 41    God:
Gold:   4962       SH: 14    Dex: 10    Spells: 1/49 levels left

rFire    + + +     SeeInvis .   A - +9 broad axe (chop)
rCold    + + .     Gourm    .   X - +2 shield {AC+3}
rNeg     + + .     Faith    .   (armour currently unavailable)
rPois    ∞         Spirit   .   O - +2 hat {Int+3}
rElec    +         Reflect  .   o - scarf {rC+ rF+}
rCorr    .         Harm     .   (gloves currently unavailable)
MR       ++++.                  (boots currently unavailable)
Stlth    ++........             U - macabre finger necklace {rN+}
HPRegen  0.55/turn              Z - ring "Xaops" {rElec rC+}
MPRegen  0.30/turn              f - ring of the Mage {Wiz MR++ Int+3}
                                K - ring of a Million Friends {+Fly rF+++ Dex-4}

@: statue-form, death channel, hasted
A: clumsy 1, high mp 1, weak 1
}: 3/15 runes: decaying, serpentine, silver
a: End Transformation, Evoke Flight


You were on level 1 of the Realm of Zot.
You were hungry.
You were a stone statue.
You visited 10 branches of the dungeon, and saw 49 of its levels.
You visited the Abyss 1 time.
You also visited: Trove, Gauntlet and Desolation.

You collected 8612 gold pieces.
You spent 3650 gold pieces at shops.

Inventory:

Hand Weapons
 A - a +9 broad axe of chopping (weapon)
Armour
 k - a +0 pair of boots of stealth (melded)
 o - a scarf of resistance (worn)
 x - a +2 pair of gloves (melded)
 M - the +2 ratskin cloak {+Rats rPois rN+ Str-1 Int-1 Dex+1}
   (You found it on level 6 of the Dungeon)

   It affects your strength (-1).
   It affects your intelligence (-1).
   It affects your dexterity (+1).
   It protects you from poison.
   It protects you from negative energy.
 O - a +2 hat of intelligence (worn)
 Q - a +2 robe of the Archmagi (melded)
 X - a +2 shield of protection (worn)
Jewellery
 f - the ring of the Mage (right hand) {Wiz MR++ Int+3}
   (You bought it in a shop on level 2 of the Snake Pit)

   [ring of wizardry]

   It improves your spell success rate.
   It affects your intelligence (+3).
   It affects your resistance to hostile enchantments.
 m - the ring of the Monkey's Uncle {rElec rN+ MR+ Int+3}
   (You took it off a deep elf annihilator on level 3 of the Elven Halls)

   [ring of positive energy]

   It affects your intelligence (+3).
   It insulates you from electricity.
   It protects you from negative energy.
   It affects your resistance to hostile enchantments.
 J - an uncursed ring of resist corrosion
 K - the ring of a Million Friends (on amulet) {+Fly rF+++ Dex-4}
   (You found it in the Desolation of Salt)

   [ring of flight]

   It affects your dexterity (-4).
   It renders you almost immune to fire.
   It lets you fly.
 N - a +6 amulet of reflection
 U - the macabre finger necklace (around neck) {rN+}
   (You took it off a deep elf high priest on level 5 of the Vaults)

   [amulet of nothing]

   It protects you from negative energy.
 W - the ring of Sirphach {rPois SInv}
   (You bought it in a shop on level 2 of the Orcish Mines)

   [ring of see invisible]

   It protects you from poison.
   It lets you see invisible.
 Z - the ring "Xaops" (left hand) {rElec rC+}
   (You found it in a Gauntlet)

   [ring of protection from cold]

   It protects you from cold.
   It insulates you from electricity.
Wands
 w - a wand of acid (9)
 C - a wand of clouds (2)
 H - a wand of iceblast (44)
 P - a wand of digging (25)
 V - a wand of paralysis (61)
 Y - a wand of disintegration (18)
Scrolls
 a - 6 scrolls of fog
 c - 3 scrolls of blinking
 h - 23 scrolls of remove curse
 i - 10 scrolls of amnesia
 l - 8 scrolls of magic mapping
 p - 5 scrolls of enchant weapon
 u - 7 scrolls of teleportation
 v - 9 scrolls of fear
 y - 7 scrolls of enchant armour
 L - 8 scrolls of identify
Potions
 e - 3 potions of cancellation
 g - 5 potions of haste
 j - 7 potions of agility
 n - 8 potions of curing
 q - 12 potions of mutation
 r - 4 potions of magic
 s - 6 potions of brilliance
 t - 6 potions of might
 B - 2 potions of resistance
 F - 4 potions of invisibility
 G - 6 potions of flight
Miscellaneous
 b - a phial of floods
 z - 2 sacks of spiders
 D - 2 boxes of beasts
 I - a lamp of fire
 T - 4 phantom mirrors
Comestibles
 d - 50 rations


   Skills:
 - Level 16.2 Fighting
 + Level 16.0 Axes
 + Level 7.5 Armour
 + Level 12.5 Dodging
 - Level 1.7 Stealth
 + Level 15.0 Shields
 + Level 13.2 Spellcasting
 - Level 10.3 Summonings
 - Level 13.2 Necromancy
 - Level 18.2 Translocations
 - Level 6.0 Transmutations
 - Level 13.3 Earth Magic
 - Level 8.0 Evocations


You had one spell level left.
You knew the following spells:

 Your Spells              Type           Power        Failure   Level  Hunger
a - Statue Form           Tmut/Erth      #######..    1%          6    #......
b - Stone Arrow           Conj/Erth      ######       1%          3    None
c - Lee's Rapid Deconstr  Erth           #######...   1%          5    None
d - Malign Gateway        Summ/Tloc      #######...   1%          7    ####...
e - Controlled Blink      Tloc           N/A          1%          8    ######.
f - Regeneration          Chrm/Necr      ######....   1%          3    None
g - Borgnjor's Vile Clut  Necr/Erth      #######...   1%          5    None
h - Death Channel         Necr           #######...   1%          6    #......
i - Blink                 Tloc           N/A          0%          2    None
j - Lesser Beckoning      Tloc           ########..   0%          3    None

Your spell library contained the following spells:

 Spells                   Type           Power        Failure   Level  Hunger
 Apportation              Tloc           ######       0%          1    None
 Sandblast                Erth           ######       0%          1    None
 Summon Butterflies       Summ           #######.     0%          1    None
 Summon Small Mammal      Summ           ####         0%          1    None
 Confusing Touch          Hex            ####..       1%          1    None
 Corona                   Hex            ####...      1%          1    None
 Flame Tongue             Conj/Fire      ####.        1%          1    None
 Freeze                   Ice            ####         1%          1    None
 Infusion                 Chrm           ####         1%          1    None
 Magic Dart               Conj           ####         1%          1    None
 Shock                    Conj/Air       ####         1%          1    None
 Sting                    Conj/Pois      ####         1%          1    None
 Corpse Rot               Necr           N/A          0%          2    None
 Sublimation of Blood     Necr           #######...   0%          2    None
 Gell's Gravitas          Tloc           ########..   0%          3    None
 Recall                   Summ/Tloc      N/A          0%          3    None
 Teleport Other           Tloc           ########     0%          3    None
 Passage of Golubria      Tloc           N/A          0%          4    None
 Call Imp                 Summ           #######.     1%          2    None
 Ensorcelled Hibernation  Hex/Ice        ####..       1%          2    None
 Passwall                 Tmut/Erth      #######.     1%          2    None
 Poisonous Vapours        Pois/Air       ####..       1%          2    None
 Shroud of Golubria       Chrm/Tloc      ######       1%          2    None
 Slow                     Hex            ####....     1%          2    None
 Song of Slaying          Chrm           ####....     1%          2    None
 Swiftness                Chrm/Air       ####....     1%          2    None
 Throw Flame              Conj/Fire      ####..       1%          2    None
 Throw Frost              Conj/Ice       ####..       1%          2    None
 Call Canine Familiar     Summ           #######.     1%          3    None
 Confuse                  Hex            ####....     1%          3    None
 Conjure Flame            Conj/Fire      ####....     1%          3    None
 Dazzling Spray           Conj/Hex       ####..       1%          3    None
 Ignite Poison            Fire/Tmut/Pois #####...     1%          3    None
 Inner Flame              Hex/Fire       ####....     1%          3    None
 Mephitic Cloud           Conj/Pois/Air  ####....     1%          3    None
 Ozocubu's Armour         Chrm/Ice       ####....     1%          3    None
 Portal Projectile        Hex/Tloc       ######       1%          3    None
 Spectral Weapon          Hex/Chrm       ####....     1%          3    None
 Spider Form              Tmut/Pois      ######....   1%          3    None
 Static Discharge         Conj/Air       ####....     1%          3    None
 Summon Guardian Golem    Hex/Summ       ######..     1%          3    None
 Tukima's Dance           Hex            ####....     1%          3    None
 Animate Dead             Necr           N/A          1%          4    None
 Force Lance              Conj/Tloc      #######.     1%          4    None
 Ice Form                 Ice/Tmut       ######..     1%          4    None
 Leda's Liquefaction      Hex/Erth       ######....   1%          4    None
 Petrify                  Tmut/Erth      #######.     1%          4    None
 Summon Ice Beast         Ice/Summ       ######..     1%          4    None
 Summon Lightning Spire   Summ/Air       ######..     1%          4    None
 Agony                    Necr           #######.     1%          5    None
 Bolt of Draining         Conj/Necr      ######....   1%          5    None
 Dispel Undead            Necr           #######.     1%          5    None
 Excruciating Wounds      Chrm/Necr      ######....   1%          5    None
 Summon Demon             Summ           #######...   1%          5    None
 Summon Forest            Summ/Tloc      #######...   1%          5    None
 Dispersal                Tloc           ########..   1%          6    #......
 Shadow Creatures         Summ           N/A          1%          6    #......
 Bolt of Magma            Conj/Fire/Erth ######....   2%          5    None
 Airstrike                Air            ####......   4%          4    None
 Cause Fear               Hex            ####......   4%          4    None
 Iskenderun's Mystic Bla  Conj           ####....     4%          4    None
 Olgreb's Toxic Radiance  Pois           ####....     4%          4    None
 Sticky Flame             Conj/Fire      ####....     4%          4    None
 Throw Icicle             Conj/Ice       ####....     4%          4    None
 Alistair's Intoxication  Tmut/Pois      ######..     4%          5    None
 Irradiate                Conj/Tmut      ######....   4%          5    None
 Yara's Violent Unravell  Hex/Tmut       ######....   4%          5    None
 Iron Shot                Conj/Erth      ######....   4%          6    #......
 Simulacrum               Ice/Necr       ######....   4%          6    #......
 Hydra Form               Tmut           ######....   6%          6    #......
 Monstrous Menagerie      Summ           #######...   6%          7    ####...
 Summon Greater Demon     Summ           #######...   6%          7    ####...
 Summon Hydra             Summ           #######...   6%          7    ####...
 Fireball                 Conj/Fire      ####......   13%         5    None
 Iskenderun's Battlesphe  Conj/Chrm      ####....     13%         5    None
 Lightning Bolt           Conj/Air       ####......   13%         5    None
 Metabolic Englaciation   Hex/Ice        ####......   13%         5    None
 Silence                  Hex/Air        ####......   13%         5    None
 Venom Bolt               Conj/Pois      ####......   13%         5    None
 Dragon Form              Tmut           ######....   32%         7    ####...
 Summon Horrible Things   Summ           #######...   41%         8    ######.
 Spellforged Servitor     Conj/Summ      ######....   43%         7    ####...
 Bolt of Cold             Conj/Ice       ####......   56%         6    #......
 Bolt of Fire             Conj/Fire      ####......   56%         6    #......
 Conjure Ball Lightning   Conj/Air       ####......   56%         6    #......
 Darkness                 Hex            ####......   56%         6    #......
 Deflect Missiles         Chrm/Air       ####......   56%         6    #......
 Freezing Cloud           Conj/Ice/Air   ####......   56%         6    #......
 Invisibility             Hex            ####....     56%         6    #......
 Ozocubu's Refrigeration  Ice            ####......   56%         6    #......
 Poison Arrow             Conj/Pois      ####......   56%         6    #......
 Lehudib's Crystal Spear  Conj/Erth      ######....   87%         8    ######.
 Shatter                  Erth           #######...   87%         9    #######
 Orb of Destruction       Conj           ####......   98%         7    ####...
 Ring of Flames           Chrm/Fire      ####......   98%         7    ####...
 Dragon's Call            Summ           #######...   99%         9    #######
 Chain Lightning          Conj/Air       ####......   100%        8    ######.
 Discord                  Hex            ####......   100%        8    ######.
 Ignition                 Fire           ####......   100%        8    ######.
 Fire Storm               Conj/Fire      ####......   100%        9    #######
 Glaciate                 Conj/Ice       ####......   100%        9    #######
 Tornado                  Air            ####......   100%        9    #######


Dungeon Overview and Level Annotations

Branches:
Dungeon (15/15)            Temple (0/1) D:4            Lair (6/6) D:11
  Swamp (4/4) Lair:4        Snake (4/4) Lair:4        Slime (0/5) Lair:6
    Orc (2/2) D:10            Elf (3/3) Orc:2        Vaults (5/5) D:14
  Crypt (3/3) Vaults:3       Tomb (0/3) Crypt:3      Depths (5/5) D:15
    Zot (2/5) Depths:5    Desolation (visited)      Gauntlet (visited)

Shops:
D:4 [%(*   D:10 !   D:11 [   D:15 ?   Orc:2 ![*}   Elf:2 !   Elf:3 [
Snake:1 !   Snake:2 **=[=   Vaults:1 *

Portals:
Hell: Lair:6 Depths:1 Depths:2 Depths:3 Depths:4 Depths:5
Abyss: Depths:2 Depths:4 Depths:5
Pandemonium: Depths:3
Ziggurat: Depths:4

Annotations:
D:11 exclusion: downstairs
D:14 exclusion: 2 downstairs
Lair:4 exclusion: downstairs
Swamp:3 exclusion: 2 upstairs
Snake:2 2 transporters, Romunoh's ghost, adept SpAs
Snake:4 Qoto's ghost, journeyman MiBe
Crypt:1 3 runed translucent doors, Hynnuzim's ghost, veteran CeHu; Vailuoroe's ghost, veteran GrEE
Abyss:1 Terence


Innate Abilities, Weirdness & Mutations

You have an increased reservoir of magic. (+10% MP)
You are clumsy. (Dex -2)
You are weak. (Str -2)


Message History

The zombie hands constrict the storm dragon.
The storm dragon struggles to escape constriction.
You hear some strange, mumbled words.
A bolt of cold appears from out of thin air!
The bolt of cold hits you! You resist.
* * * LOW HITPOINT WARNING * * *
The storm dragon struggles to escape constriction.
The quicksilver dragon escapes!
Casting: Borgnjor's Vile Clutch (safe; 1% risk of failure)
Confirm with . or Enter, or press ? or * to list all spells.
You blink.
The zombie hands constrict something!
The zombie hands constrict the storm dragon!
You kill the storm dragon!
Something hits you.
* * * LOW HITPOINT WARNING * * *
A glowing mist starts to gather...
You hear some strange, mumbled words.
A shard of ice appears from out of thin air!
The shard of ice hits you! You partially resist.
You die...

....# #############..........
....## ####......................
.....###.........................
.....#...........................
.................§...............
...........>.....................
..................####...........
..........####...D# ##..........
.........## #..8.# #..........
.........## #....# ##..........
..........# #..{Z# #.....##....
..........#####...####....####...
....#......##.............# ##..
....##...................## ##..
...#####.................#####...
..## ##.................##.....
..### #.........................


You could see a quicksilver dragon and a friendly spectral storm dragon.

Vanquished Creatures
  Mara (Crypt:2)
  Mennas (Vaults:3)
  A juggernaut (Depths:5)
  2 ancient liches (Crypt:3)
  A curse toe (Zot:1)
  A caustic shrike (Depths:2)
  Nikola (Swamp:1)
  2 golden dragons (Vaults:5)
  An electric golem (Zot:1)
  Jorgrun (Orc:1)
  4 liches
  4 tentacled monstrosities
  4 deep elf master archers (Elf:3)
  5 deep elf blademasters (Elf:3)
  4 quicksilver dragons
  5 titans
  7 sphinxes
  6 ancient champions
  A death cob (Zot:1)
  4 tengu reavers
  4 thorn hunters
  3 tentacled starspawn (Abyss:2)
  Roxanne (Swamp:1)
  4 shadow dragons
  7 storm dragons
  2 revenants
  4 fire giants
  2 draconian scorchers
  3 draconian monks (Depths:5)
  Louise (Swamp:1)
  5 deep elf sorcerers
  Aizul (Snake:4)
  A caustic shrike zombie (Crypt:2)
  9 nagarajas
  A balrug (Depths:3)
  A draconian knight (Zot:1)
  A ghost moth (Zot:1)
  5 deep elf elementalists
  6 frost giants
  3 orc warlords
  14 vault wardens
  3 curse skulls
  2 draconian shifters
  A reaper (Crypt:2)
  4 draconian annihilators
  8 ironheart preservers
  3 war gargoyles (Crypt:3)
  13 stone giants
  2 entropy weavers
  4 vampire knights
  8 deep elf annihilators
  3 green draconians
  2 black draconians
  24 very ugly things
  A dire elephant (D:15)
  4 halazid warlocks (Desolation)
  3 red draconians
  5 deep elf demonologists
  6 white draconians
  A yellow draconian (Zot:1)
  5 spark wasps
  10 ettins
  A minotaur (Gauntlet)
  2 crystal guardians (Desolation)
  4 purple draconians (Depths:5)
  5 deep elf death magi
  An eidolon (Crypt:3)
  9 jiangshi
  3 deep elf high priests
  4 fire dragons
  The ghost of Kotami the Carver, a journeyman OpFi of Dithmenos (Lair:2)
  7 ogre magi
  4 ragged hierophants (Desolation)
  4 rakshasas
  6 servants of whispers (Desolation)
  7 yaktaur captains
  24 hydras
  6 great orbs of eyes
  A spriggan air mage (Depths:3)
  14 naga warriors
  3 ice dragons
  35 vault guards
  A ghost crab (Swamp:2)
  10 centaur warriors
  6 peacekeepers (Desolation)
  10 anacondas
  3 death knights
  3 shambling mangroves
  20 two-headed ogres
  13 alligators
  39 dancing weapons
  4 death yaks (Lair:5)
  7 deep troll shamans
  4 tengu warriors
  9 naga sharpshooters
  10 deep troll earth magi
  5 spriggan berserkers
  A thrashing horror (Abyss:2)
  13 shock serpents
  24 skeletal warriors
  3 vampire magi
  6 orc high priests
  2 soul eaters
  3 wretched stars (Abyss:2)
  11 hell knights
  3 iron trolls
  A sun demon (Lair:6)
  16 deep elf knights
  A shadow wraith (Crypt:3)
  2 salamander mystics (Snake:3)
  2 starcursed masses (Abyss:2)
  2 death drakes (Depths:5)
  6 deep elf archers
  6 wizards
  10 unseen horrors
  6 naga ritualists
  14 phantasmal warriors
  17 ironbrand convokers
  11 flayed ghosts
  14 swamp dragons
  21 deep trolls
  2 spriggan druids
  4 lindwurms
  A deep troll (shapeshifter) (D:15)
  3 glowing orange brains
  A torturous demonspawn (Depths:3)
  A lindwurm (shapeshifter) (Depths:2)
  2 necromancers (Depths:2)
  2 orb spiders (shapeshifter) (Vaults:1)
  A tengu skeleton (Vaults:3)
  A mana viper (shapeshifter) (Vaults:2)
  62 deep elf magi
  33 orc knights
  12 mana vipers
  11 salamanders
  A wolf spider zombie (D:15)
  9 cyclopes
  38 ugly things
  3 wolf spiders
  13 orc sorcerers
  An oklob plant (D:11)
  4 manticores
  6 moths of wrath
  A salamander (shapeshifter) (Depths:2)
  3 smoke demons
  2 centaur zombies
  An iron dragon skeleton (Depths:4)
  13 elephants
  A spiny frog (shapeshifter) (Depths:2)
  10 guardian serpents
  2 eyes of devastation (shapeshifter)
  A fire giant skeleton (Vaults:3)
  A frost giant skeleton (Vaults:3)
  20 naga magi
  4 stone giant skeletons (Vaults:3)
  28 black mambas
  2 molten gargoyles (Desolation)
  14 spiny frogs
  13 vault sentinels
  A shock serpent skeleton (Crypt:3)
  6 gargoyles
  42 yaktaurs
  A storm dragon simulacrum (Vaults:1)
  2 orange demons
  A hellion (Abyss:2)
  3 yaktaur skeletons (Vaults:3)
  10 freezing wraiths
  A rime drake (shapeshifter) (Depths:2)
  2 efreet
  10 komodo dragons
  A hellwing (Lair:6)
  4 rime drakes
  7 red devils
  3 ice devils
  2 guardian mummies (Crypt:3)
  A troll (shapeshifter) (Vaults:3)
  2 meliai (shapeshifter)
  A polar bear (Lair:3)
  A tengu conjurer (Depths:3)
  A large abomination (Abyss:2)
  A hornet (shapeshifter) (Depths:1)
  9 trolls
  A tengu simulacrum (Vaults:2)
  4 raiju (Abyss:2)
  24 hornets
  A wind drake (Depths:5)
  38 slime creatures
  8 tyrant leeches
  58 saltlings (Desolation)
  12 bog bodies
  Grinder (D:6)
  An ice dragon zombie (Crypt:2)
  A blink frog (shapeshifter) (Depths:2)
  19 blink frogs
  A fire giant simulacrum (Vaults:1)
  13 hippogriffs
  A tarantella (shapeshifter) (Vaults:1)
  6 air elementals
  6 redbacks
  7 spriggans
  8 shadows
  3 wyverns
  2 ynoxinuls (Abyss:2)
  5 water elementals
  An ettin skeleton (Vaults:3)
  15 wraiths
  29 yaks
  Eustachio (D:5)
  An ice dragon skeleton (Crypt:1)
  2 ushabtiu (Crypt:3)
  2 golden eyes (shapeshifter)
  2 basilisks (Lair:6)
  2 fire elementals (Elf:3)
  A human (shapeshifter) (Depths:2)
  3 hungry ghosts
  7 vampire mosquitoes
  2 neqoxecs
  5 chaos spawn
  Menkaure (D:7)
  A naga (shapeshifter) (Depths:2)
  A yaktaur simulacrum (Vaults:2)
  Edmund (D:6)
  A glowing shapeshifter zombie (Crypt:2)
  6 insubstantial wisps (Swamp:1)
  Duvessa (D:7)
  13 swamp worms
  11 wargs
  51 nagas
  An acid dragon (Vaults:1)
  5 hell hounds (Lair:6)
  A two-headed ogre skeleton (Crypt:2)
  17 water moccasins
  A soldier ant (D:10)
  9 swamp drakes
  A floating eye (Depths:5)
  A hornet zombie (D:10)
  An infernal demonspawn skeleton (Crypt:1)
  48 orc warriors
  12 porcupines
  A black bear (shapeshifter) (Vaults:1)
  An eye of draining (shapeshifter) (Vaults:1)
  8 ice beasts
  2 sky beasts
  6 phantoms
  A necrophage (D:15)
  19 ogres
  2 eyes of draining
  A centaur (shapeshifter) (Depths:2)
  11 centaurs
  14 boggarts
  5 human skeletons (Vaults:3)
  9 wolves
  A snapping turtle skeleton (Crypt:3)
  10 crocodiles
  Blork the orc (D:6)
  A fire crab zombie (Crypt:1)
  5 big kobolds
  An elf zombie (Crypt:1)
  15 bullfrogs
  A bullfrog (shapeshifter) (Depths:3)
  A gnoll sergeant (D:9)
  Dowan (D:7)
  6 earth elementals
  A hornet simulacrum (D:15)
  A spriggan zombie (Crypt:2)
  9 small abominations
  5 scorpions
  A water moccasin skeleton (D:5)
  A shapeshifter zombie (Crypt:2)
  An elf simulacrum (Vaults:1)
  12 killer bees
  A raiju zombie (Crypt:2)
  8 wights
  2 howler monkeys
  6 electric eels (D:13)
  5 crimson imps
  A quasit (Abyss:2)
  7 centaur skeletons
  30 orc priests
  8 bullfrog skeletons
  13 hounds
  3 jellies
  23 orc wizards
  A soldier ant zombie (Crypt:1)
  An iron imp (Depths:3)
  5 iguanas
  10 worker ants
  A hell rat (D:6)
  A demigod zombie (Crypt:2)
  A felid zombie (Crypt:1)
  A sky beast zombie (Crypt:1)
  A big kobold skeleton (Crypt:2)
  12 mummies (Crypt:3)
  A worker ant zombie (D:5)
  8 gnolls
  10 adders
  6 river rats (D:6)
  A swamp drake zombie (Crypt:1)
  10 shadow imps
  A white imp (Depths:3)
  2 ufetubi (Depths:3)
  An ooze (D:1)
  An adder zombie (Crypt:1)
  An adder skeleton (D:9)
  2 worms
  A barachi zombie (Crypt:1)
  A dart slug (D:1)
  7 leopard geckos
  99 orcs
  7 giant cockroaches
  6 goblins
  10 hobgoblins
  32 jackals
  33 kobolds
  8 quokkas
  2 ball pythons
  10 bats
  7 frilled lizards
  A gnoll skeleton (Crypt:1)
  A leopard gecko skeleton (D:5)
  A quokka skeleton (D:5)
  20 rats
  A river rat zombie (Crypt:2)
  10 briar patches (Swamp:3)
  4 crawling corpses (Elf:3)
  5 fungi
  3 starspawn tentacles (Abyss:2)
  A withered plant (Crypt:3)
2251 creatures vanquished.

Vanquished Creatures (collateral kills)
  An ancient lich (Depths:4)
  A juggernaut (Depths:2)
  A caustic shrike (Depths:4)
  A tentacled monstrosity (Vaults:5)
  A quicksilver dragon (Depths:2)
  2 shadow dragons
  3 sphinxes
  4 storm dragons
  3 tengu reavers
  3 draconian monks (Depths:5)
  A draconian knight (Depths:2)
  2 fire giants
  4 vault wardens
  A deep elf sorcerer (Elf:3)
  3 frost giants
  A draconian annihilator (Depths:5)
  An entropy weaver (Depths:2)
  2 ironheart preservers (Vaults:5)
  9 very ugly things
  A deep elf elementalist (Vaults:5)
  3 stone giants
  A deep elf demonologist (Depths:2)
  2 black draconians (Depths:5)
  A green draconian (Depths:5)
  4 purple draconians (Depths:5)
  A vampire knight (Depths:5)
  A small abomination (Vaults:5)
  2 red draconians (Depths:5)
  4 spark wasps
  2 deep elf annihilators (Depths:2)
  2 white draconians (Depths:5)
  An ettin (Depths:4)
  2 yaktaur captains
  A deep elf death mage (Elf:3)
  A jiangshi (Depths:1)
  6 great orbs of eyes
  A hell beast (Depths:4)
  6 fire dragons
  5 vault guards (Vaults:5)
  5 ice dragons
  2 hydras (shapeshifter) (Vaults:5)
  2 rakshasas
  3 deep elf high priests
  A two-headed ogre (shapeshifter) (Vaults:5)
  A two-headed ogre (Depths:3)
  A centaur warrior (Depths:3)
  2 dancing weapons
  6 ogre magi
  2 deep troll shamans
  A vampire mage (Depths:1)
  A queen ant (shapeshifter) (Vaults:5)
  A deep troll earth mage (Depths:2)
  2 spriggans
  A sun demon (Depths:4)
  4 flayed ghosts
  An iron troll (Depths:5)
  A spark wasp zombie (Depths:2)
  A shadow wraith (Vaults:4)
  3 glowing orange brains
  8 deep trolls
  A death drake (Depths:5)
  2 ironbrand convokers (Vaults:5)
  2 phantasmal warriors
  3 orc knights
  5 deep elf magi
  10 ugly things
  A rust devil (Depths:4)
  2 vault sentinels (Vaults:4)
  10 yaktaurs
  A komodo dragon (shapeshifter) (Depths:4)
  2 wind drakes (Depths:5)
  2 hornets
  A jumping spider (shapeshifter) (Vaults:5)
  8 slime creatures
  A snapping turtle (shapeshifter) (Depths:4)
  2 ogres
  3 centaurs
  An orc priest (Vaults:4)
  An iron imp (Depths:3)
  An adder (shapeshifter) (Vaults:5)
  A shadow imp (Depths:3)
  An orc (Vaults:5)
  2 crawling corpses
203 creatures vanquished.

Vanquished Creatures (others)
  An iron dragon (shapeshifter) (Vaults:5)
  A vampire knight (Crypt:1)
  A naga warrior (Snake:4)
  A dancing weapon (Elf:3)
  A deep elf knight (Elf:3)
  A shadow wraith (Vaults:2)
  A deep elf mage (Elf:3)
  An ice devil (Depths:3)
  A wyvern (Lair:2)
  A fire elemental (Elf:1)
  3 nagas
  A boggart (Vaults:2)
  A shadow imp (Depths:3)
  A giant cockroach (D:5)
  5 briar patches
  73 bushes
  22 demonic plants (Gauntlet)
  19 fungi
  A lurking horror (Abyss:2)
  19 plants
  5 starspawn tentacles (Abyss:2)
  31 withered plants
191 creatures vanquished.

Grand Total: 2645 creatures vanquished

Notes
Turn   | Place    | Note
-------+----------+-------------------------------------------
     0 | D:1      | grindst0ne the Demigod Earth Elementalist began the quest
                  | for the Orb.
     0 | D:1      | Reached XP level 1. HP: 14/14 MP: 5/5
   150 | D:1      | Reached skill level 1 in Fighting
   173 | D:1      | Reached XP level 2. HP: 23/23 MP: 5/7
   655 | D:2      | Reached XP level 3. HP: 29/29 MP: 5/8
   974 | D:2      | Found a faded altar of an unknown god.
  1099 | D:2      | Learned a level 3 spell: Stone Arrow
  1461 | D:3      | Reached XP level 4. HP: 24/37 MP: 6/9
  1831 | D:3      | Noticed Terence
  1845 | D:3      | Banished Terence
  2119 | D:3      | Found a sacrificial altar of Ru.
  2120 | D:3      | Found a shadowy altar of Dithmenos.
  2421 | D:4      | Reached XP level 5. HP: 41/45 MP: 6/10
  2424 | D:4      | Found Qaid's General Store.
  2426 | D:4      | Got a warped ring mail
  2447 | D:4      | Identified the +0 ring mail of Grace {+Fly Int+2} (You
                  | found it on level 4 of the Dungeon)
  2447 | D:4      | Found Vats's Food Emporium.
  2449 | D:4      | Found Mol Hune's Armour Emporium.
  2462 | D:4      | Found Ettamokime's Antique Weapon Emporium.
  2613 | D:4      | Noticed a +0 hand axe
  2614 | D:4      | Noticed a +0 hand axe
  2642 | D:4      | Reached XP level 6. HP: 52/52 MP: 8/11
  2670 | D:4      | Reached skill level 5 in Earth Magic
  3021 | D:4      | Found a staircase to the Ecumenical Temple.
  3274 | D:4      | Found a hide-covered altar of Uskayaw.
  3346 | D:5      | Entered Level 5 of the Dungeon
  3402 | D:5      | Found a sparkling altar of Nemelex Xobeh.
  3442 | D:5      | Reached XP level 7. HP: 55/60 MP: 12/12
  3460 | D:5      | Reached skill level 5 in Fighting
  3525 | D:5      | Noticed Eustachio
  3537 | D:5      | Killed Eustachio
  3892 | D:5      | Found a shimmering altar of Xom.
  3906 | D:5      | Reached XP level 8. HP: 70/70 MP: 10/13
  4240 | D:5      | Learned a level 5 spell: Lee's Rapid Deconstruction
  4560 | D:6      | Noticed Edmund
  4572 | D:6      | Killed Edmund
  4714 | D:6      | Noticed Blork the orc
  4719 | D:6      | Killed Blork the orc
  4724 | D:6      | Found a shadowy altar of Dithmenos.
  4801 | D:6      | Found an opulent altar of Gozag.
  5245 | D:6      | Noticed Grinder
  5245 | D:6      | Paralysed by Grinder for 5 turns
  5252 | D:6      | Killed Grinder
  5330 | D:6      | Found the +2 ratskin cloak {+Rats rPois rN+ Str-1 Int-1
                  | Dex+1}
  5568 | D:7      | Found a white marble altar of Elyvilon.
  5646 | D:7      | Reached XP level 9. HP: 73/81 MP: 14/14
  5701 | D:7      | Noticed Duvessa
  5703 | D:7      | Noticed Dowan
  5714 | D:7      | Killed Duvessa
  5720 | D:7      | Killed Dowan
  5720 | D:7      | Reached skill level 1 in Evocations
  5808 | D:7      | Noticed Menkaure
  5811 | D:7      | Killed Menkaure
  6399 | D:8      | Noticed a two-headed ogre
  6403 | D:8      | Killed a two-headed ogre
  6992 | D:8      | Found an ornate altar of the Wu Jian Council.
  7194 | D:9      | Noticed a two-headed ogre
  7200 | D:9      | Killed a two-headed ogre
  7200 | D:9      | Reached XP level 10. HP: 91/91 MP: 5/16
  7721 | D:9      | Reached skill level 5 in Evocations
  8098 | D:9      | Reached skill level 10 in Earth Magic
  8349 | D:10     | Entered Level 10 of the Dungeon
  8451 | D:10     | Found Nyiwus's Distillery.
  8458 | D:10     | Paralysed by a hornet for 2 turns
  8803 | D:10     | Found a staircase to the Orcish Mines.
  8832 | D:10     | Reached skill level 10 in Fighting
  8865 | D:10     | Noticed a two-headed ogre
  8888 | D:10     | Killed a two-headed ogre
  9193 | D:10     | Paralysed by a hornet for 3 turns
  9497 | D:10     | Noticed a manticore
  9557 | D:10     | Reached XP level 11. HP: 94/101 MP: 19/19
  9968 | D:10     | Identified the Almanac of Calling and the Arsonist
 10093 | D:11     | Noticed a two-headed ogre
 10098 | D:11     | Killed a two-headed ogre
 10100 | D:11     | Noticed a two-headed ogre
 10113 | D:11     | Killed a two-headed ogre
 10279 | D:11     | Found a staircase to the Lair.
 10513 | D:11     | Noticed a two-headed ogre
 10517 | D:11     | Killed a two-headed ogre
 10625 | D:11     | Noticed a wizard
 10630 | D:11     | Killed a wizard
 11213 | D:11     | Found Cheibriados's Comfort Zone.
 11213 | D:11     | Found a snail-covered altar of Cheibriados.
 11302 | D:11     | Noticed a centaur warrior
 11346 | D:11     | Killed a centaur warrior
 11654 | Lair:1   | Entered Level 1 of the Lair of Beasts
 12188 | Lair:1   | Noticed an eight-headed hydra
 12199 | Lair:1   | Killed an eight-headed hydra
 12288 | Lair:1   | Learned a level 7 spell: Malign Gateway
 12326 | Lair:1   | Reached skill level 5 in Spellcasting
 12461 | Lair:1   | Reached XP level 12. HP: 96/111 MP: 13/23
 12688 | Lair:1   | Reached skill level 1 in Summonings
 12688 | Lair:1   | Reached skill level 1 in Translocations
 12890 | Lair:2   | Noticed Kotami's ghost (journeyman OpFi)
 12891 | Lair:2   | Found a large runed translucent door.
 13089 | Lair:2   | Found a large runed translucent door.
 13341 | Lair:2   | Learned a level 4 spell: Passage of Golubria
 13530 | Lair:3   | Reached skill level 2 in Translocations
 13654 | Lair:3   | Reached skill level 1 in Shields
 14054 | Lair:4   | Found a staircase to the Swamp.
 14113 | Lair:4   | Found a staircase to the Snake Pit.
 14774 | Lair:4   | Reached skill level 3 in Translocations
 16063 | Lair:6   | Entered Level 6 of the Lair of Beasts
 16063 | Lair:6   | Found a gate leading to a gauntlet.
 16063 | Lair:6   | Noticed a seven-headed hydra
 16068 | Gauntlet | Entered a Gauntlet
 16068 | Gauntlet | Found a transporter.
 16078 | Gauntlet | Found a transporter.
 16093 | Gauntlet | Found a transporter.
 16099 | Gauntlet | Found a transporter.
 16119 | Gauntlet | Found a transporter.
 16121 | Gauntlet | Noticed a blizzard demon
 16133 | Gauntlet | Found a transporter.
 16145 | Gauntlet | Found a transporter.
 16153 | Gauntlet | Found a large runed translucent door.
 16154 | Gauntlet | Found a large runed translucent door.
 16155 | Gauntlet | Found a large runed translucent door.
 16155 | Gauntlet | Found a large runed translucent door.
 16156 | Gauntlet | Found a runed translucent gate.
 16157 | Gauntlet | Found a transporter.
 16157 | Gauntlet | Found a runed translucent gate.
 16157 | Gauntlet | Noticed an entropy weaver
 16158 | Gauntlet | Found a runed translucent gate.
 16159 | Gauntlet | Found a large runed translucent door.
 16159 | Gauntlet | Found a large runed translucent door.
 16160 | Gauntlet | Found a large runed translucent door.
 16161 | Gauntlet | Found a large runed translucent door.
 16169 | Gauntlet | Found a transporter.
 16181 | Gauntlet | Found a transporter.
 16198 | Gauntlet | Found a transporter.
 16216 | Gauntlet | Found a transporter.
 16218 | Gauntlet | Found a transporter.
 16245 | Gauntlet | Found a transporter.
 16245 | Gauntlet | Found a transporter.
 16267 | Gauntlet | Found a transporter.
 16349 | Gauntlet | Found a transporter.
 16367 | Gauntlet | Found a large runed translucent door.
 16367 | Gauntlet | Found a large runed translucent door.
 16367 | Gauntlet | Found a runed translucent door.
 16367 | Gauntlet | Found a runed translucent door.
 16368 | Gauntlet | Found a large runed translucent door.
 16369 | Gauntlet | Found a large runed translucent door.
 16371 | Gauntlet | Found a transporter.
 16387 | Gauntlet | Found a large runed translucent door.
 16387 | Gauntlet | Found a large runed translucent door.
 16388 | Gauntlet | Found a large runed translucent door.
 16389 | Gauntlet | Found a large runed translucent door.
 16496 | Gauntlet | Gained mutation: You are weak. (Str -2) [a neqoxec]
 16902 | Gauntlet | Killed an entropy weaver
 16917 | Gauntlet | Got a scintillating bone ring
 16927 | Gauntlet | Identified the ring "Xaops" {rElec rC+} (You found it in a
                  | Gauntlet)
 17078 | Gauntlet | Noticed a minotaur
 17084 | Gauntlet | Killed a minotaur
 17084 | Gauntlet | Reached skill level 4 in Translocations
 17805 | D:12     | Reached XP level 13. HP: 119/119 MP: 21/25
 20562 | D:13     | Reached skill level 5 in Summonings
 20659 | D:13     | Reached skill level 5 in Translocations
 22260 | D:13     | Learned a level 3 spell: Regeneration
 22405 | D:14     | Reached skill level 5 in Shields
 22740 | D:14     | Reached skill level 1 in Necromancy
 23611 | D:14     | Reached skill level 6 in Translocations
 23956 | D:14     | Found a gate to the Vaults.
 24063 | D:15     | Entered Level 15 of the Dungeon
 24066 | D:15     | Found Obilluagg's Magic Scroll Shoppe.
 24473 | D:15     | Bought 2 scrolls of identify for 60 gold pieces
 24755 | Lair:2   | Killed Kotami's ghost
 25498 | Lair:5   | Reached XP level 14. HP: 129/129 MP: 28/28
 25766 | Lair:6   | Found a staircase to the Slime Pits.
 25805 | Lair:6   | Reached skill level 7 in Translocations
 27267 | Lair:6   | Reached skill level 5 in Necromancy
 27787 | Lair:6   | Learned a level 5 spell: Borgnjor's Vile Clutch
 29810 | Lair:6   | Reached skill level 8 in Translocations
 30500 | Lair:6   | Found a burning altar of Makhleb.
 30505 | Lair:6   | Found a gateway to Hell.
 33299 | D:15     | Paralysed by a great orb of eyes for 6 turns
 33520 | D:15     | Found a staircase to the Depths.
 33762 | D:15     | Found a sacrificial altar of Ru.
 33881 | Orc:1    | Entered Level 1 of the Orcish Mines
 33889 | Orc:1    | Noticed Jorgrun
 33900 | Orc:1    | Killed Jorgrun
 33900 | Orc:1    | Reached XP level 15. HP: 97/138 MP: 9/32
 34224 | Orc:2    | Entered Level 2 of the Orcish Mines
 34224 | Orc:2    | Found a staircase to the Elven Halls.
 35407 | Orc:2    | Reached skill level 9 in Translocations
 36337 | Orc:2    | Paralysed by an orc sorcerer for 6 turns
 36395 | Orc:2    | Found Boby's Gadget Boutique.
 36395 | Orc:2    | Found Equleha's Distillery.
 36405 | Orc:2    | Found Ciseiwut's General Store.
 36405 | Orc:2    | Found Riemn's Armour Shoppe.
 36471 | Orc:2    | Bought the ring of Sirphach {rPois SInv} for 314 gold
                  | pieces
 36476 | Orc:2    | Bought a +2 shield of protection for 301 gold pieces
 36478 | Orc:2    | Bought a potion of mutation for 136 gold pieces
 36685 | D:15     | Bought a scroll of acquirement for 780 gold pieces
 36685 | D:15     | Bought a scroll of blinking for 112 gold pieces
 36685 | D:15     | Bought a scroll of teleportation for 45 gold pieces
 36826 | Swamp:1  | Entered Level 1 of the Swamp
 37599 | Swamp:1  | Identified Roxanne's Handbook of the Rocks
 37599 | Swamp:1  | Noticed Roxanne
 37606 | Swamp:1  | Killed Roxanne
 38045 | Swamp:1  | Noticed Nikola
 38061 | Swamp:1  | Killed Nikola
 38193 | Swamp:1  | Found a hide-covered altar of Uskayaw.
 38325 | Swamp:2  | You fall into a shaft and drop 1 floor!
 38717 | Swamp:2  | Noticed Louise
 38722 | Swamp:2  | Noticed a thorn hunter
 38836 | Swamp:3  | Noticed a thorn hunter
 39919 | Swamp:3  | Killed a thorn hunter
 40951 | Swamp:3  | Reached skill level 10 in Translocations
 41758 | Swamp:4  | Entered Level 4 of the Swamp
 41855 | Swamp:2  | Paralysed by a hornet for 2 turns
 41935 | Swamp:2  | Learned a level 6 spell: Statue Form
 42050 | Swamp:2  | Reached skill level 1 in Transmutations
 42400 | Swamp:1  | Killed Louise
 43527 | Swamp:2  | Killed a thorn hunter
 43527 | Swamp:2  | Reached skill level 15 in Fighting
 43643 | Swamp:4  | Reached XP level 16. HP: 97/149 MP: 16/34
 44837 | Swamp:4  | Noticed a tentacled monstrosity
 44848 | Swamp:4  | Killed a tentacled monstrosity
 45010 | Swamp:4  | Reached skill level 1 in Axes
 45327 | Swamp:4  | Reached skill level 5 in Transmutations
 47059 | Swamp:4  | Paralysed by a hornet for 2 turns
 47376 | Swamp:4  | Got a decaying rune of Zot
 47661 | Snake:1  | Entered Level 1 of the Snake Pit
 48324 | Snake:1  | Reached skill level 5 in Axes
 48491 | Snake:1  | Found Ymairoqi's Distillery.
 49557 | Snake:2  | Found Utrerph's Jewellery Shop.
 49590 | Snake:2  | Found Visil's Jewellery Shoppe.
 49590 | Snake:2  | Found Ugisedes's Armour Shoppe.
 49590 | Snake:2  | Found Focleek's General Store.
 49986 | Snake:2  | Reached XP level 17. HP: 156/156 MP: 16/35
 50388 | Snake:2  | Bought the ring of the Mage {Wiz MR++ Int+3} for 930 gold
                  | pieces
 50388 | Snake:2  | Found the ring of the Mage {Wiz MR++ Int+3}
 50388 | Snake:2  | Found Fexewuno's General Store.
 50519 | Snake:2  | Found a transporter.
 50537 | Snake:2  | Found a transporter.
 50545 | Snake:2  | Identified the +4 mace of Woe {drain, rElec}
 50547 | Snake:2  | Noticed Romunoh's ghost (adept SpAs)
 50549 | Snake:2  | Found a bloodstained altar of Trog.
 50557 | Snake:2  | Identified the +4 scimitar of Destruction {freeze, Str+5}
 51038 | Snake:3  | Reached skill level 10 in Axes
 51703 | Snake:4  | Entered Level 4 of the Snake Pit
 51910 | Snake:4  | Noticed Aizul
 51917 | Snake:4  | Killed Aizul
 52225 | Snake:4  | Found a runed translucent door.
 52793 | Snake:4  | Noticed Qoto's ghost (journeyman MiBe)
 53549 | Snake:4  | Got a serpentine rune of Zot
 53925 | Vaults:1 | Entered Level 1 of the Vaults
 54436 | Vaults:1 | Reached XP level 18. HP: 163/163 MP: 32/36
 54475 | Vaults:1 | Found Ychirud's Assorted Antiques.
 55480 | Vaults:2 | Reached skill level 10 in Shields
 55491 | Vaults:2 | Reached skill level 1 in Armour
 55810 | Vaults:2 | Found a ruined gateway.
 55819 | Desolati | Entered the Desolation of Salt
 55961 | Desolati | Identified the Compendium of Self-Knowledge and the Blaze
 55964 | Desolati | Got a brightly glowing amber ring
 55966 | Desolati | Got a bound ivory ring
 55969 | Desolati | Identified the ring of a Million Friends {+Fly rF+++ Dex-4}
                  | (You found it in the Desolation of Salt)
 55971 | Desolati | Identified the ring "Zulib" {*Tele Dex+8} (You found it in
                  | the Desolation of Salt)
 56206 | Desolati | Identified the +5 war axe of Wounding {speed, +Rage}
 56214 | Desolati | Reached skill level 5 in Armour
 56442 | Desolati | Got a translucent platinum ring
 56448 | Desolati | Identified the ring "Nuwk" {*Tele rC+ Str+3} (You found it
                  | in the Desolation of Salt)
 56516 | Desolati | Found the +12 glaive of Prune {chop}
 56798 | Desolati | Got a wavering brass amulet
 56802 | Desolati | Identified the amulet "Motsitur" {Inacc rElec rPois MR-}
                  | (You found it in the Desolation of Salt)
 56807 | Desolati | Got an obsidian-encrusted scale mail
 57196 | Vaults:2 | Gained mutation: You are clumsy. (Dex -2) [a neqoxec]
 57234 | Vaults:2 | Reached XP level 19. HP: 151/170 MP: 28/37
 57668 | Vaults:2 | You fall into a shaft and drop 1 floor!
 57746 | Vaults:3 | Reached skill level 10 in Spellcasting
 57844 | Vaults:3 | Found a staircase to the Crypt.
 57957 | Vaults:3 | Noticed Mennas
 57967 | Vaults:3 | Killed Mennas
 58317 | Vaults:3 | Learned a level 6 spell: Death Channel
 59719 | Vaults:3 | You fall into a shaft and drop 1 floor!
 59782 | Vaults:4 | Reached skill level 10 in Necromancy
 59818 | Vaults:4 | Found a portal to a secret trove of treasure.
 60377 | Vaults:4 | Identified the +6 scale mail of Nemelex Xobeh's Envy
                  | {+Blink}
 60980 | Depths:1 | Entered Level 1 of the Depths
 61158 | Depths:1 | Reached XP level 20. HP: 178/178 MP: 24/40
 61252 | Depths:1 | Identified the +0 pair of boots of the Hidden Vale {rF- MR+
                  | Str+4} (You found it on level 1 of the Depths)
 61649 | Depths:1 | Reached skill level 11 in Translocations
 62042 | Depths:2 | Found a one-way gate to the infinite horrors of the Abyss.
 62496 | Depths:2 | Reached skill level 12 in Translocations
 62749 | Depths:2 | Noticed a juggernaut
 62751 | Depths:2 | Noticed a caustic shrike
 62761 | Depths:2 | Killed a caustic shrike
 62767 | Depths:2 | Killed a juggernaut
 62767 | Depths:2 | Reached skill level 15 in Shields
 62915 | Depths:2 | Identified the +3 buckler of Anarchy {rN+ Str+3 Int+3} (You
                  | found it on level 2 of the Depths)
 63103 | Depths:2 | Identified the cursed +1 mace of Bloody Death {vamp, rN+
                  | Str-5 Int+3 Dex+6}
 63137 | Depths:2 | Identified the Handbook of Heat and Stones
 63347 | Depths:2 | Reached skill level 13 in Translocations
 63593 | Depths:3 | Reached XP level 21. HP: 184/184 MP: 6/41
 63607 | Depths:3 | Reached skill level 14 in Translocations
 63903 | Depths:3 | Identified the cursed +0 leather armour "Olaampal" {Dex+3}
                  | (You found it on level 3 of the Depths)
 64232 | Depths:3 | Found a one-way gate leading to the halls of Pandemonium.
 64340 | Depths:4 | Reached skill level 15 in Translocations
 64353 | Depths:4 | Found a corrupted altar of Lugonu.
 64400 | Depths:4 | Noticed a caustic shrike
 64407 | Depths:4 | Killed a caustic shrike
 64538 | Depths:4 | Found a glowing golden altar of the Shining One.
 64554 | Depths:4 | Found a gateway to a ziggurat.
 64554 | Depths:4 | Noticed an ancient lich
 64560 | Depths:4 | Identified the cursed +0 robe "Wush" {rF+}
 64610 | Depths:4 | Killed an ancient lich
 64610 | Depths:4 | Reached skill level 16 in Translocations
 64915 | Depths:4 | Identified Sif Muna's Volume of the Birds and Augmentations
 65338 | Depths:5 | Entered Level 5 of the Depths
 65626 | Depths:5 | Noticed a juggernaut
 65636 | Depths:5 | Paralysed by a floating eye for 2 turns
 65638 | Depths:5 | Killed a juggernaut
 65667 | Depths:5 | Reached skill level 5 in Dodging
 66249 | Depths:5 | Found a gate to the Realm of Zot.
 66253 | Depths:5 | Reached XP level 22. HP: 187/192 MP: 8/42
 66263 | Depths:5 | Identified the Almanac of Freezing Earth
 67277 | Crypt:1  | Entered Level 1 of the Crypt
 68113 | Crypt:1  | Found a runed translucent gate.
 68116 | Crypt:1  | Noticed Vailuoroe's ghost (veteran GrEE)
 68118 | Crypt:1  | Noticed Hynnuzim's ghost (veteran CeHu)
 68123 | Crypt:1  | Found a runed translucent gate.
 68124 | Crypt:1  | Found a runed translucent gate.
 68540 | Crypt:2  | Noticed Mara
 68544 | Crypt:2  | Noticed grindst0ne's illusion
 68553 | Crypt:2  | Noticed grindst0ne's illusion
 68558 | Crypt:2  | Killed Mara
 68952 | Crypt:2  | Reached skill level 17 in Translocations
 69144 | Crypt:3  | Entered Level 3 of the Crypt
 69360 | Crypt:3  | Reached skill level 10 in Dodging
 69372 | Crypt:3  | Found the +7 great mace "Undeadhunter" {disrupt, rN+}
 69773 | Crypt:3  | Found a staircase to the Tomb.
 69773 | Crypt:3  | Noticed an ancient lich
 69785 | Crypt:3  | Killed an ancient lich
 70404 | Crypt:3  | Found an ancient bone altar of Kikubaaqudgha.
 70427 | Crypt:3  | Noticed an ancient lich
 70878 | Crypt:3  | Killed an ancient lich
 70909 | Crypt:3  | Identified the +3 buckler of Binaop {Int+2} (You found it
                  | on level 3 of the Crypt)
 70916 | Crypt:3  | Learned a level 2 spell: Blink
 71471 | Elf:1    | Entered Level 1 of the Elven Halls
 71551 | Elf:1    | Identified the +1 robe of the Devil {rN+} (You found it on
                  | level 1 of the Elven Halls)
 71675 | Elf:1    | Reached XP level 23. HP: 199/199 MP: 37/43
 72330 | Elf:2    | Found Dyziumn's Distillery.
 72347 | Elf:2    | Found a runed translucent gate.
 72348 | Elf:2    | Found a runed translucent gate.
 72349 | Elf:2    | Found a runed translucent gate.
 72351 | Elf:2    | Reached skill level 10 in Summonings
 72692 | Elf:2    | Bought a potion of heal wounds for 90 gold pieces
 72692 | Elf:2    | Bought a potion of mutation for 144 gold pieces
 72692 | Elf:2    | Bought a potion of heal wounds for 90 gold pieces
 72692 | Elf:2    | Bought a potion of curing for 54 gold pieces
 72692 | Elf:2    | Bought a potion of curing for 54 gold pieces
 72692 | Elf:2    | Bought a potion of curing for 54 gold pieces
 72692 | Elf:2    | Bought a potion of might for 72 gold pieces
 72692 | Elf:2    | Bought a potion of curing for 54 gold pieces
 72692 | Elf:2    | Bought a potion of haste for 180 gold pieces
 72692 | Elf:2    | Bought a potion of resistance for 180 gold pieces
 73283 | Elf:3    | Entered Level 3 of the Elven Halls
 73335 | Elf:2    | Upgraded the game from 0.24.0-37-gcf1ca852f1 to
                  | 0.24.0-41-g2ae2f7f1be
 73375 | Elf:3    | Found a shimmering blue altar of Sif Muna.
 73410 | Elf:3    | Cast into level 2 of the Abyss (+2 long sword of
                  | distortion)
 73774 | Abyss:2  | Reached skill level 18 in Translocations
 73856 | Elf:3    | Escaped the Abyss
 73924 | Elf:3    | Found Uqun's Antique Armour Boutique.
 74263 | Elf:3    | Identified the +1 plate armour of Salvation {Stlth+}
 74300 | Elf:3    | Identified the Reference Book on Displacement
 74447 | Elf:3    | Identified Nukhlirakh's Disquisition on Harmful Dislocation
 74449 | Elf:3    | Identified the Guide on Lightness and Poison
 74453 | Elf:3    | Got a faintly glowing jade amulet
 74454 | Elf:3    | Identified the amulet of Xanaidobb {Harm *Contam *Drain
                  | Str+3 Int-4 Dex+9} (You found it on level 3 of the Elven
                  | Halls)
 74474 | Elf:3    | Identified the +5 mace of Deoc {drain, rElec}
 74474 | Elf:3    | Identified the cursed +1 leather armour "Zabrier" {MP+9}
 74474 | Elf:3    | Identified the ring of the Monkey's Uncle {rElec rN+ MR+
                  | Int+3}
 74926 | Elf:3    | Learned a level 8 spell: Controlled Blink
 75559 | Vaults:5 | Entered Level 5 of the Vaults
 75725 | Vaults:5 | Reached skill level 15 in Axes
 75725 | Vaults:5 | Reached XP level 24. HP: 140/207 MP: 29/45
 76149 | Vaults:5 | Identified the +5 rapier "Vifacyi" {drain, +Blink Stlth+}
 76340 | Vaults:5 | Identified the cursed +0 leather armour of Mezcal {rC+
                  | Int+4 Dex+3}
 77055 | Vaults:5 | Identified the Incunabulum of Ensnaring Weightlessness
 77057 | Vaults:5 | Identified the Volume of Lucky Poisoning
 77111 | Vaults:5 | Got a silver rune of Zot
 77272 | Vaults:5 | Identified the ring "Ronathre" {rElec rPois rC+ Int-5
                  | Stlth+}
 77349 | Vaults:5 | Learned a level 3 spell: Lesser Beckoning
 77755 | Zot:1    | Entered Level 1 of the Realm of Zot
 77888 | Zot:1    | HP: 5/273 [shadow dragon (17)]
 79647 | Vaults:4 | You paid a toll of +2 storm dragon scales to enter a
                  | treasure trove
 79648 | Trove    | Entered a treasure trove
 79678 | Trove    | Identified Sif Muna's Almanac of Clay and Confrontation
 79705 | Trove    | Got a scorched tin amulet
 79744 | Vaults:4 | Identified the amulet of the Median {Spirit *Drain rPois
                  | Int+3} (You found it in a treasure trove)
 80206 | Zot:1    | HP: 5/273 [something (10)]
 80210 | Zot:1    | HP: 1/273 [something/bolt of cold (14)]
 80211 | Zot:1    | Killed from afar by a red draconian knight

Levels and vault maps discovered:
D:1:      ebering_hopf_link, layout_basic
D:2:      layout_basic, chequers_ecumenical_altar_island
D:3:      layout_loops_corners, nicolae_overflow_hidden_temple, uniq_terence
D:4:      wander_river, layout_rooms, dancing_weapons_uskayaw,
          minmay_temple_entry_antechambers, minmay_shop_grid_forest,
          minmay_fractal_squares_diagonal_5
D:5:      layout_basic, nemelex_xobeh_ov_fountains_minmay, first_ration,
          xom_confusion_cloud, uniq_eustachio
D:6:      wander_guarded_unrand_ratskin, layout_basic,
          nicolae_gozag_cash_rules_everything_around_me,
          nicolae_dithmenos_shadow_blocks, uniq_grinder, uniq_edmund,
          uniq_blork_the_orc
D:7:      layout_basic, basic_altar, uniq_menkaure, uniq_duvessa
D:8:      layout_basic, overflow_temple_1_default
D:9:      layout_basic
D:10:     minmay_clustersquares, layout_loops_ring, orc_0_dummy, serial_shops,
          shop, hangedman_pestilent_swarm, st_stairs_8
D:11:     layout_long_grid, dpeg_oklobed_lair, minmay_shop_chei
D:12:     layout_irregular_city, chequers_serial_rivers_micro_c,
          minmay_statues_item, item_on_display_a
D:13:     layout_basic
D:14:     layout_roguey, grunt_vaults_entry_fortified, grunt_decor_cap,
          kennysheep_small_circle
D:15:     hangedman_depths_entry_try_elsewhere_first, layout_rooms,
          hangedman_ru_absence, serial_shops, shop, kennysheep_pointless_box,
          minmay_the_grid_square_5x5_3x3_mashed
          [minmay_the_grid_square_5x5_misaligned,
          minmay_the_grid_square_5x5_six, minmay_the_grid_square_5x5_corner,
          minmay_the_grid_square_5x5_spiral,
          minmay_the_grid_square_5x5_megaprize_hollow,
          minmay_the_grid_square_5x5_z, minmay_the_grid_square_5x5_three_walls,
          minmay_the_grid_square_5x5_longway,
          minmay_the_grid_square_5x5_intrusive_squares]
Lair:1:   layout_regular_city
Lair:2:   layout_misc_corridors, ebering_ghost_disaster_area
Lair:3:   layout_misc_corridors, infiniplex_staircase_pool_2
Lair:4:   layout_roguey, swamp_mist, dummy_snake_entry
Lair:5:   layout_concentric_octagons, grunt_megastairs_3, lemuel_fruit_fields,
          lemuel_fruit_tree
Lair:6:   evil_forest, layout_hall_layers, slime_dummy, gauntlet_entry_generic,
          infiniplex_staircase_pool
Swamp:1:  layout_basic_swamp, nicolae_swamp_godswood, uniq_nikola, uniq_roxanne
Swamp:2:  layout_basic_swamp, evilmike_swamp_ruin_rubble_1, swamp_pool5,
          uniq_louise
Swamp:3:  layout_basic_swamp, nicolae_swamp_feature_on_the_river_bank,
          nicolae_swamp_fairy_circle
Swamp:4:  swamp_basic_johnstein, layout_basic_swamp, swamp_pool1
Snake:1:  layout_basic, serial_shops, shop
Snake:2:  layout_grid_shapes, gammafunk_ghost_wrathful_warriors,
          minmay_shop_enchanted_jewellery, grunt_megastairs_4, minmay_shoptagon
Snake:3:  layout_concentric_octagons
Snake:4:  minmay_snake_end_coiled, layout_gridlike, ebering_ghost_inner_flame,
          special_room, serial_bayou_crossing, uniq_aizul
Orc:1:    layout_caves, statue_in_the_mist_lemuel, uniq_jorgrun
Orc:2:    grunt_orc_tribal_feast, layout_caves
Elf:1:    minmay_elf_arrival_plus, layout_geoelf_diagonals,
          hangedman_elf_disciples
Elf:2:    layout_loops_cross, serial_shops, shop, st_stairs_5
Elf:3:    minmay_elf_hall, layout_rooms, basic_altar, serial_shops, shop
Vaults:1: nicolae_vaults_circle_grid_b, dpeg_vaults_monster_box,
          hangedman_vaults_stitches, vaults_mumra_minichess_inversion,
          nicolae_vaults_asterisk, v_misc_30, hangedman_vaults_cutoff, v_misc_8,
          v_misc_22, nicolae_vaults_alarming, ontoclasm_vaults_gateway,
          layout_vaults_omnibox, serial_shops, shop_statue
Vaults:2: grunt_vaults_hallway_long, v_pattern_3, vaults_room_corners,
          nicolae_vaults_diagonal_hallway_8, nicolae_vaults_diagonal_hallway_9,
          hangedman_vaults_stretched_pinwheel, vaults_room_hangedman_quadrants,
          hangedman_vaults_restitches, nicolae_vaults_shelves_hall, v_misc_2,
          nicolae_vaults_bisected_slash, vaults_dpeg_hooks,
          nicolae_vaults_big_angled_halls, layout_vaults_omnigrid,
          portal_desolation_entry_nicolae_slug
Vaults:3: vaults_room_octagon, minmay_crypt_entry_skeletal_spiral,
          hangedman_vaults_slither, special_room_vaults [special_room_orc],
          v_pattern_2, v_misc_32, hangedman_vaults_impose,
          hangedman_vaults_snaps, ontoclasm_vaults_pinch, hangedman_vaults_maws,
          layout_vaults_big_cross, uniq_mennas
Vaults:4: vaults_room_grunt_arrival_checkpoint,
          hangedman_vaults_stretched_pinwheel, v_rooms_4, vaults_dpeg_doors,
          grunt_vaults_focal, nicolae_vaults_little_squares_4,
          vaults_room_corners, hangedman_vaults_trim,
          ontoclasm_vaults_loading_screen, vaults_room_corners, v_misc_1,
          nicolae_vaults_little_squares_2, layout_vaults_maze_snakey,
          enter_trove_0
Vaults:5: serial_shops
Crypt:1:  layout_regular_city, gammafunk_ghost_cemetery
Crypt:2:  layout_misc_corridors, corner_web_ring, due_unseen_surprise, uniq_mara
Crypt:3:  quadcrypt_mu
Depths:1: layout_roguey, hell_entry, minmay_misc_feat_doors,
          hangedman_abyss_or_decor_passed, grunt_ministairs_14, minmay_orc_keep
Depths:2: hangedman_pleasuredromes, abyss_entry, hell_entry
Depths:3: minmay_tri_box, layout_cross, grunt_pan_entry_spiral,
          hangedman_decor_opposing, hell_entry,
          minmay_staircase_statues_hall_small
Depths:4: minmay_cut_squares, layout_long_grid, enter_ziggurat_c,
          minmay_hedge_maze, abyss_entry_flame_altar, grunt_mini_vestibule,
          tso_metal_star
Depths:5: lemuel_castle_with_subvaults [lemuel_castle_interior_carwin_3],
          layout_basic, pf_coc_iceberg, abyss_entry
Zot:1:    layout_onion
Zot:2:    evilmike_crystal_ball_defense, layout_onion_interference, st_stairs_6

Skill      XL: |  1  2  3  4  5  6  7  8  9 10 11 12 13 14 15 16 17 18 19 20 21 22 23 24 |
---------------+-------------------------------------------------------------------------+-----
Earth Magic    | 3 4 5 6 8 9 10 12 13 | 13.3
Fighting       | 1 2 3 4 6 7 9 10 11 12 13 14 15 16 | 16.2
Evocations     | 4 6 7 8 |  8.0
Spellcasting   | 5 6 8 9 11 12 13 | 13.2
Summonings     | 4 5 6 9 10 | 10.3
Translocations | 4 6 8 10 13 16 17 18 | 18.2
Shields        | 3 5 6 11 13 15 | 15.0
Necromancy     | 3 6 8 10 12 13 | 13.2
Transmutations | 3 6 |  6.0
Axes           | 9 14 15 16 | 16.0
Armour         | 7 |  7.5
Dodging        | 6 11 12 | 12.5
Stealth        | |  1.7

Action                   |  1- 3 |  4- 6 |  7- 9 | 10-12 | 13-15 | 16-18 | 19-21 | 22-24 || total
-------------------------+-------+-------+-------+-------+-------+-------+-------+-------++-------
Melee: Whip              |    13 |    50 |       |       |       |       |       |       ||    63
       Hand axe          |       |    27 |   161 |   114 |       |       |       |       ||   302
       Broad axe         |       |       |       |       |   213 |   960 |  1053 |  1727 ||  3953
       Great mace        |       |       |       |       |       |       |       |    46 ||    46
Throw: Dart              |       |       |       |       |     9 |     4 |       |       ||    13
 Cast: Sandblast         |    70 |    75 |   112 |   407 |   218 |       |       |       ||   882
       Stone Arrow       |       |       |     3 |     5 |   244 |   132 |       |     2 ||   386
       Lee's Rapid Decon |       |       |     1 |    38 |   279 |    26 |    21 |    23 ||   388
       Borgnjor's Vile C |       |       |       |       |   121 |   186 |   130 |    75 ||   512
       Passage of Golubr |       |       |       |       |     1 |       |       |       ||     1
       Statue Form       |       |       |       |       |       |    78 |    85 |   123 ||   286
       Regeneration      |       |       |       |       |       |     6 |     6 |    33 ||    45
       Death Channel     |       |       |       |       |       |       |    50 |    21 ||    71
       Blink             |       |       |       |       |       |       |       |    11 ||    11
       Controlled Blink  |       |       |       |       |       |       |       |     3 ||     3
       Lesser Beckoning  |       |       |       |       |       |       |       |     2 ||     2
 Abil: Evoke Ratskin     |       |       |       |     3 |       |       |       |     1 ||     4
Evoke: Wand              |       |       |     4 |    29 |    21 |    10 |     6 |    10 ||    80
       Crystal ball of e |       |       |       |       |       |     1 |       |       ||     1
       Sack of spiders   |       |       |       |       |       |       |       |     2 ||     2
  Use: Scroll            |       |       |     8 |    13 |    30 |    19 |    12 |    27 ||   109
       Potion            |       |       |     1 |     6 |     2 |    18 |     4 |    14 ||    45
 Stab: Sleeping          |       |       |       |     1 |     1 |       |     1 |       ||     3
       Distracted        |       |       |       |     1 |     1 |     1 |    33 |    24 ||    60
       Paralysed         |       |       |       |       |     6 |     6 |     2 |       ||    14
  Eat: Chunk             |     3 |     7 |    13 |    34 |    61 |    35 |    47 |    31 ||   231
       Ration            |       |       |       |     3 |    24 |    15 |     3 |    14 ||    59
Armor: Robe              |     7 |     4 |       |       |       |       |     6 |    10 ||    27
       Ring mail         |       |    15 |    86 |   161 |   240 |       |       |       ||   502
       Skin              |       |       |       |       |    15 |  1111 |   876 |  1101 ||  3103
       Swamp dragon scal |       |       |       |       |       |    80 |       |       ||    80
       Troll leather arm |       |       |       |       |       |    24 |     6 |       ||    30
Dodge: Dodged            |    25 |    89 |   100 |   241 |   379 |   981 |   543 |  1408 ||  3766
Block: Buckler           |       |       |       |     9 |   173 |   384 |       |       ||   566
       Shield            |       |       |       |       |       |   276 |   957 |  1582 ||  2815
       Reflection        |       |       |       |       |       |       |       |     8 ||     8
